 Dungeon Sprint DCSS version 0.21-a0-91-ga5031da (webtiles) character file.

7740 Kidiri the Fighter (level 11, -2/108 HPs)
             Began as a Minotaur Fighter on June 30, 2017.
             Was a High Priest of Okawaru.
             Slain by a sun demon (11 damage)
             ... in the Dungeon (Sprint VII: "The Pits").
             The game lasted 00:09:06 (1662 turns).

Kidiri the Fighter (Minotaur Fighter)               Turns: 1662, Time: 00:09:07

Health: -2/108     AC: 23    Str: 25    XL:     11   Next: 0%
Magic:  2/14       EV: 18    Int:  5    God:    Okawaru [*****.]
Gold:   0          SH: 16    Dex: 15    Spells: 10/10 levels left

rFire    . . .     SeeInvis .   x - +2 scimitar (holy)
rCold    . . .     Gourm    .   c - +0 shield
rNeg     . . .     Faith    .   r - +3 plate armour
rPois    .         Spirit   .   (helmet restricted)
rElec    .         Reflect  .   (no cloak)
rCorr    .         Harm     .   (no gloves)
MR       .....     NoTele   +   a - +0 pair of boots
Stlth    ..........             (no amulet)
HPRegen  0.28/turn              b - +3 ring of strength
MPRegen  0.14/turn              t - +3 ring of dexterity

@: lethally poisoned (-2 -> -7), heroism, finesse
A: retaliatory headbutt, horns 2
a: Heroism, Finesse, Renounce Religion


You were in the Dungeon.
You worshipped Okawaru.
Okawaru was extremely pleased with you.
You were not hungry.

You visited 1 branch

Inventory:

Hand Weapons
 x - a +2 scimitar of holy wrath (weapon)
Armour
 a - a +0 pair of boots (worn)
 c - a +0 shield (worn)
 r - a +3 plate armour (worn)
Jewellery
 b - a +3 ring of strength (left hand)
 t - a +3 ring of dexterity (right hand)
Scrolls
 k - a scroll of blinking
 m - 3 scrolls of remove curse
 n - 5 scrolls of amnesia
 o - a scroll of summoning
Potions
 d - 3 potions of might
 e - 6 potions of curing
 g - 6 potions of heal wounds
 h - 2 potions of haste
 i - 4 potions of magic
 j - 3 potions of berserk rage
 l - 2 potions of invisibility
 u - a potion of resistance
 v - 2 potions of agility
 w - a potion of brilliance
Comestibles
 f - 8 bread rations
 p - 40 fruits
 q - 7 meat rations
 s - 8 chunks of flesh


   Skills:
 * Level 13.9(18.9) Fighting
 * Level 13.6(18.6) Long Blades
 * Level 13.7(18.7) Armour
 * Level 12.4(17.4) Dodging
 + Level 4.9(9.9) Stealth
 * Level 13.9(18.9) Shields
 + Level 5.4 Invocations


You had 10 spell levels left.
You didn't know any spells.

Dungeon Overview and Level Annotations

Branches:
Dungeon (1/1)

Altars:
Ashenzari
Cheibriados
Dithmenos
Elyvilon
Fedhas
Gozag
Hepliaklqana
Kikubaaqudgha
Makhleb
Nemelex Xobeh
Okawaru
Qazlal
Ru
Sif Muna
Trog
Uskayaw
Vehumet
Wu Jian
Xom
Yredelemnul
Zin
The Shining One
Beogh
Jiyva
Lugonu


Innate Abilities, Weirdness & Mutations

You reflexively headbutt those who attack you in melee.
You have a pair of horns on your head.


Message History

* * * LOW HITPOINT WARNING * * *
You are engulfed in flames!
* * * LOW HITPOINT WARNING * * *
A porcupine comes into view.
You barely miss the salamander mystic.
The salamander mystic is severely wounded.
The salamander mystic hits you but does no damage.
Unknown command.
You closely miss the salamander mystic.
You headbutt the salamander mystic, but do no damage.
The salamander mystic is severely wounded.
You feel sick.
Unknown command.
You hit the salamander mystic but do no damage.
Your headbutt misses the salamander mystic.
The salamander mystic is severely wounded.
The sun demon hits you.
* * * LOW HITPOINT WARNING * * *
You are engulfed in flames!
You die...

......# ......#
'######
'################ ###
.#..............###..#
.##..............#..#
.####...#)######)†.#
.#..#####(## ##'##
.#....##)(.# #@N.#
.'.....#.(.# #N3.#
.'.....'...+ 'N..r..
.'.....#...#
N#...#....
.#....##...#
..#...#....
.#..#####(##.. ##'##
#.#
.####...#+######.()##
..
.##....%.........#..##
.#.....)........###..#


You could see a naga warrior, a salamander mystic, a salamander, a sun demon, a
naga and a porcupine.

Vanquished Creatures
  Erica (D)
  A two-headed ogre (D)
  An orc high priest (D)
  A shadow wraith (D)
  An unseen horror (D)
  A manticore (D)
  A cyclops (D)
  An orange demon (D)
  2 guardian mummies (D)
  3 trolls (D)
  A jumping spider (D)
  A blink frog (D)
  A bog body (D)
  A snapping turtle (D)
  2 wraiths (D)
  A redback (D)
  A water elemental (D)
  2 wargs (D)
  A naga (D)
  2 floating eyes (D)
  2 orc warriors (D)
  An eye of draining (D)
  Purgy (D)
  A necrophage (D)
  A centaur (D)
  A crimson imp (D)
  2 orc priests (D)
  A worker ant (D)
  2 mummies (D)
  A gnoll (D)
  2 river rats (D)
  2 oozes (D)
  2 adder zombies (D)
  An adder skeleton (D)
  A leopard gecko (D)
  4 orcs (D)
  2 giant cockroaches (D)
  A hobgoblin (D)
  A quokka (D)
  A bat (D)
  A frilled lizard (D)
  A giant cockroach zombie (D)
58 creatures vanquished.

Notes
Turn   | Place    | Note
-------+----------+-------------------------------------------
     0 | D        | Kidiri the Minotaur Fighter began the quest for the Orb.
     0 | D        | Reached XP level 1. HP: 19/19 MP: 0/0
    49 | D        | Found a bloodstained altar of Trog.
    49 | D        | Found a deep blue altar of Sif Muna.
    49 | D        | Found a viscous altar of Jiyva.
    49 | D        | Found a hazy altar of Hepliaklqana.
    49 | D        | Found an opulent altar of Gozag.
    50 | D        | Found a glowing golden altar of the Shining One.
    50 | D        | Found a glowing silver altar of Zin.
    50 | D        | Found a basalt altar of Yredelemnul.
    50 | D        | Found a shimmering altar of Xom.
    50 | D        | Found an ornate altar of the Wu Jian Council.
    50 | D        | Found a sacrificial altar of Ru.
    50 | D        | Found a stormy altar of Qazlal.
    50 | D        | Found an iron altar of Okawaru.
    50 | D        | Found a sparkling altar of Nemelex Xobeh.
    50 | D        | Found a burning altar of Makhleb.
    50 | D        | Found a blossoming altar of Fedhas.
    50 | D        | Found a white marble altar of Elyvilon.
    50 | D        | Found a shadowy altar of Dithmenos.
    50 | D        | Found a snail-covered altar of Cheibriados.
    52 | D        | Found a radiant altar of Vehumet.
    52 | D        | Found a corrupted altar of Lugonu.
    52 | D        | Found a roughly hewn altar of Beogh.
    53 | D        | Found a hide-covered altar of Uskayaw.
    53 | D        | Found an ancient bone altar of Kikubaaqudgha.
    53 | D        | Found a shattered altar of Ashenzari.
    62 | D        | Became a worshipper of Warmaster Okawaru
    77 | D        | Noticed a floating eye
    79 | D        | Paralysed by a floating eye for 4 turns
    84 | D        | Killed a floating eye
    84 | D        | Reached * piety under Okawaru
    84 | D        | Reached skill level 5 in Long Blades
    84 | D        | Reached skill level 5 in Armour
    84 | D        | Reached XP level 2. HP: 28/30 MP: 1/1
    84 | D        | Reached XP level 3. HP: 35/37 MP: 2/2
    84 | D        | Reached XP level 4. HP: 42/44 MP: 3/3
   276 | D        | Noticed a warg
   278 | D        | Noticed a centaur
   282 | D        | Reached XP level 5. HP: 40/51 MP: 1/4
   295 | D        | Killed a warg
   295 | D        | Reached skill level 5 in Dodging
   295 | D        | Reached XP level 6. HP: 33/61 MP: 2/5
   302 | D        | Reached ** piety under Okawaru
   491 | D        | Noticed a blink frog
   518 | D        | Killed a blink frog
   518 | D        | Reached XP level 7. HP: 41/70 MP: 6/6
   679 | D        | Noticed a guardian mummy
   689 | D        | Killed a shadow wraith
   689 | D        | Reached skill level 10 in Fighting
   689 | D        | Reached skill level 10 in Long Blades
   689 | D        | Reached skill level 10 in Armour
   689 | D        | Reached skill level 10 in Shields
   689 | D        | Reached XP level 8. HP: 54/81 MP: 4/7
   693 | D        | Reached *** piety under Okawaru
   706 | D        | Killed a guardian mummy
   921 | D        | Noticed a snapping turtle
   949 | D        | Killed a snapping turtle
   949 | D        | Reached skill level 1 in Stealth
   949 | D        | Reached skill level 1 in Invocations
   949 | D        | Reached XP level 9. HP: 30/89 MP: 8/8
  1205 | D        | Noticed Erica
  1215 | D        | Killed Erica
  1215 | D        | Reached **** piety under Okawaru
  1215 | D        | Reached skill level 10 in Dodging
  1241 | D        | Killed an unseen horror
  1358 | D        | Noticed a jumping spider
  1358 | D        | Noticed a two-headed ogre
  1360 | D        | Killed a jumping spider
  1362 | D        | Reached ***** piety under Okawaru
  1367 | D        | Killed a two-headed ogre
  1367 | D        | Received a gift from Okawaru
  1367 | D        | Reached XP level 10. HP: 84/100 MP: 9/11
  1426 | D        | Noticed a manticore
  1426 | D        | Noticed Purgy
  1427 | D        | Noticed a cyclops
  1452 | D        | Noticed an orc high priest
  1459 | D        | Killed Purgy
  1460 | D        | Noticed a soul eater
  1476 | D        | Killed a manticore
  1496 | D        | Killed an orc high priest
  1496 | D        | Received a gift from Okawaru
  1500 | D        | Killed a cyclops
  1631 | D        | Noticed an orange demon
  1634 | D        | Reached skill level 5 in Invocations
  1636 | D        | Noticed a salamander
  1639 | D        | Killed an orange demon
  1640 | D        | Noticed a sun demon
  1640 | D        | Noticed a naga warrior
  1641 | D        | Noticed a salamander mystic
  1653 | D        | Reached XP level 11. HP: 44/108 MP: 1/14
  1662 | D        | Slain by a sun demon

Vault maps used:
D:        pitsprint

Skill      XL: |  1  2  3  4  5  6  7  8  9 10 |
---------------+-------------------------------+-----
Fighting       | 6 7 9 10 11 12 13 | 13.9
Long Blades    | 5 6 7 8 10 11 12 13 | 13.6
Armour         | 5 6 7 9 10 11 12 13 | 13.7
Dodging        | 4 5 7 9 11 12 | 12.4
Shields        | 6 7 9 10 11 12 13 | 13.9
Stealth        | 1 3 4 |  4.9
Invocations    | 1 3 5 |  5.4

Action                   |  1- 3 |  4- 6 |  7- 9 | 10-12 || total
-------------------------+-------+-------+-------+-------++-------
Melee: Falchion          |     3 |    14 |       |       ||    17
       Long sword        |     1 |    53 |    31 |       ||    85
       Headbutt          |       |     8 |    22 |    29 ||    59
       Scimitar          |       |       |    49 |    93 ||   142
Invok: Heroism           |       |     2 |     5 |     3 ||    10
       Finesse           |       |       |       |     2 ||     2
  Use: Potion            |       |     1 |       |     1 ||     2
  Eat: Chunk             |       |       |     2 |     1 ||     3
Armor: Scale mail        |     2 |     1 |       |       ||     3
       Chain mail        |       |    17 |     5 |       ||    22
       Plate armour      |       |       |    32 |    14 ||    46
Dodge: Dodged            |     3 |    18 |    30 |    39 ||    90
Block: Shield            |     1 |    36 |    49 |    60 ||   146
       Rpst.: Long sword |     1 |     4 |     2 |       ||     7
       Falchion          |       |     1 |       |       ||     1
       Scimitar          |       |       |     5 |     4 ||     9
